 Dungeon Crawl Stone Soup version 0.31.0-12-g77e489cdc1 (webtiles) character file.

Game seed: 4180815847649430199

5952 Gadfly the Skirmisher (level 11, -2/50 (62) HPs)
             Began as a Kobold Hunter on Feb 15, 2024.
             Was a Follower of Hepliaklqana.
             Slain by Erica
             ... wielding a +2 scimitar of flaming
              (4 damage)
             ... on level 9 of the Dungeon.
             The game lasted 00:16:38 (10843 turns).

Gadfly the Skirmisher (Kobold Hunter)              Turns: 10843, Time: 00:16:39

HP:   -2/50 (62)    AC:  8    Str:  8    XL:     11   Next: 9%
MP:   17/17         EV: 27    Int: 10    God:    Hepliaklqana [*.....]
Gold: 480           SH:  0    Dex: 28    Spells: 10/10 levels left

rFire   . . .        b - +2 dagger (venom)
rCold   + + +        (no shield)
rNeg    . . .        l - +3 leather armour "Ixzatheomo" {*Slow +Blink rElec rC+++ Dex+4}
rPois   +            (no helmet)
rElec   +            E - scarf {+Inv}
rCorr   .            w - +0 pair of gloves
SInv    .            q - +0 pair of boots
Will    .....        (no amulet)
Stlth   +++          t - +5 ring of evasion
HPRegen 0.28/turn    u - ring of poison resistance
MPRegen 0.15/turn

%: slow self (1%)
@: lethally poisoned (-2 -> -8), very slightly contaminated, slowed, studying
Alchemy, heavily drained, invisible, very slow
A: reduced essence, small, no large weapons, nightstalker 3
a: Renounce Religion, Evoke Blink, Evoke Invisibility, Recall Ancestor, Ancestor
Identity


You were on level 9 of the Dungeon.
You worshipped Hepliaklqana.
Hepliaklqana was aware of your devotion.
You visited 2 branches of the dungeon, and saw 10 of its levels.
You also visited: Sewer.

You collected 480 gold pieces.

Inventory:

Hand Weapons
 a - a +0 shortbow
 b - a +2 dagger of venom (weapon)
 m - a +0 orcbow
 v - a +3 flail of holy wrath
 F - a +2 long sword of freezing
Armour
 l - the +3 leather armour "Ixzatheomo" (worn) {*Slow +Blink rElec rC+++ Dex+4}
   (You found it in a sewer)

   Dex+4:     It affects your dexterity (+4).
   rC+++:     It renders you almost immune to cold.
   rElec:     It insulates you from electricity.
   +Blink:    It lets you blink.
   *Slow:     It may slow you when you take damage.
 q - a +0 pair of boots (worn)
 w - a +0 pair of gloves (worn)
 E - a scarf of invisibility (worn)
Jewellery
 r - a ring of resist corrosion
 t - a +5 ring of evasion (left hand)
 u - a ring of poison resistance (right hand)
Wands
 e - a wand of digging (4)
 o - a wand of paralysis (12)
 x - a wand of flame (17)
 C - a wand of iceblast (8)
 D - a wand of quicksilver (7)
Scrolls
 c - a scroll of butterflies
 f - 2 scrolls of torment
 g - 5 scrolls of revelation
 i - a scroll of immolation
 p - 2 scrolls of enchant armour
 y - a scroll of fog
 B - 2 scrolls of teleportation
Potions
 d - a potion of attraction
 h - 2 potions of curing
 j - a potion of berserk rage
 k - 3 potions of lignification
 n - a potion of might
 s - a potion of enlightenment
 z - a potion of cancellation


   Skills:
 + Level 8.5 Fighting
 + Level 10.2 Ranged Weapons
 + Level 8.3 Dodging
 - Level 1.3 Stealth
 + Level 8.4 Invocations
 + Level 8.3 Evocations


You had 10 spell levels left.
You didn't know any spells.
Your spell library contained the following spells:

 Spells                   Type           Power      Damage    Failure   Level
 Sting                    Conj/Alch      0%         1d3       50%         1
 Summon Small Mammal      Summ           0%         N/A       50%         1
 Lesser Beckoning         Tloc           0%         N/A       63%         2
 Mercury Vapours          Alch/Air       0%         N/A       63%         2
 Call Canine Familiar     Summ           0%         N/A       86%         3
 Dazzling Flash           Conj/Hex       0%         N/A       86%         3
 Gell's Gravitas          Tloc           0%         N/A       86%         3
 Inner Flame              Hex/Fire       0%         N/A       86%         3
 Sigil of Binding         Hex            0%         N/A       86%         3
 Teleport Other           Tloc           0%         N/A       86%         3
 Flame Wave               Conj/Fire      0%         2d4       99%         4
 Ignite Poison            Fire/Alch      0%         N/A       99%         4
 Olgreb's Toxic Radiance  Alch           0%         N/A       99%         4
 Sticky Flame             Fire/Alch      0%         2d4       99%         4
 Summon Blazeheart Golem  Fire/Summ      0%         N/A       99%         4
 Summon Forest            Summ/Tloc      0%         N/A       100%        5
 Summon Mana Viper        Hex/Summ       0%         N/A       100%        5
 Dispersal                Tloc           0%         N/A       100%        6
 Eringya's Noxious Bog    Alch           0%         4d6       100%        6
 Summon Cactus Giant      Summ           0%         N/A       100%        6
 Summon Hydra             Summ           0%         N/A       100%        7


Dungeon Overview and Level Annotations

Branches:
Dungeon (9/15)             Temple (1/1) D:6            Lair (0/5) D:9
  Sewer (visited)
    Orc: D:9-12

Altars:
Ashenzari
Cheibriados
Dithmenos
Elyvilon
Fedhas
Gozag
Hepliaklqana
Kikubaaqudgha
Makhleb
Nemelex Xobeh
Okawaru
Qazlal
Ru
Sif Muna
Trog
Uskayaw
Wu Jian
Xom
Yredelemnul
Zin
The Shining One

Annotations:
D:6 3 runed translucent doors, Livid's ghost, novice FoFi
D:9 Erica


Innate Abilities, Weirdness & Mutations

Your life essence is reduced to manifest your ancestor. (-10% HP)
You are small and have problems with some larger weapons.
You are completely attuned to the shadows.


Message History

You feel better. Erica completely misses you. Erica misses you.
Erica casts a spell at you. You resist with significant effort.
Okay, then.
You feel drained.
You fade into invisibility!
You are very lightly contaminated with residual magic.
Erica completely misses you.
Your +2 dagger of venom begins to drip with poison!
b - a +2 dagger of venom (weapon)
Erica closely misses you.
You catch the helpless Erica completely off-guard!
You puncture Erica!
Erica is heavily wounded.
Erica burbles wildly.
Erica stares at something and mumbles some strange words.
Erica casts a spell at you. The bolt of poison hits you.
You are poisoned.
You resist.
You miss Erica.
Erica is heavily wounded.
You feel extremely sick. Erica barely misses you. Erica completely misses you.
You hit Erica.
Erica is heavily wounded.
* * * LOW HITPOINT WARNING * * *
You feel very sick. Erica casts a spell at you.
You feel as though you will be slow longer.
Unknown command.
You catch the helpless Erica completely off-guard!
You puncture Erica!
Erica is poisoned.
Erica is severely wounded.
You feel very sick.
Erica hits you with a +2 scimitar of flaming!
* * * LOW HITPOINT WARNING * * *
Erica burns you.
You die...
Erica begins burbling mirthfully and uncontrollably.

####..## #.## ##.# #..#
.. #.## ###' #.# #..
#.# ###)##### #.#
#.)...@x# ##.#####
#.#####.# #......# #
#.....# #.)....#
###.###.# #..)...#
#)..#.#.# #......##
#.###.#.# ####......#.
#.#...#.####...........
#.###.#.'...)##......##
#.......##############


You could see Erica (unable to see you, very poisoned).

Vanquished Creatures
  A boulder beetle (D:9)
  A shadow (D:6)
  Sigmund (D:5)
  2 fire bats (D:4)
  2 steam dragons
  An ice beast (D:7)
  2 sky beasts
  3 black bears
  5 orc warriors
  A crocodile (Sewer)
  An ogre (D:4)
  2 centaurs
  2 phantoms (D:5)
  A kobold brigand (D:8)
  A brain worm (Sewer)
  3 bullfrogs
  6 scorpions
  11 wights
  7 killer bees
  2 howler monkeys (D:7)
  2 bombardier beetles
  A jelly (D:6)
  7 orc priests
  3 hounds
  2 iguanas (D:5)
  2 sleepcaps
  9 orc wizards
  8 gnolls
  8 adders
  A shadow imp (D:7)
  2 white imps
  3 ufetubi
  A ribbon worm (D:3)
  4 dart slugs
  39 orcs
  6 endoplasms
  4 giant cockroaches
  5 goblins
  3 hobgoblins
  9 jackals
  3 quokkas
  7 ball pythons
  8 bats
  2 frilled lizards
  6 kobolds
  5 rats
205 creatures vanquished.

Vanquished Creatures (collateral kills)
  A sky beast (D:8)
  An orc warrior (D:7)
  3 wights (D:8)
  An iguana (D:7)
  An orc wizard (D:7)
  An ufetubus (D:7)
  2 orcs
10 creatures vanquished.

Vanquished Creatures (others)
  4 ancestors
4 creatures vanquished.

Grand Total: 219 creatures vanquished

Notes
Turn   | Place    | Note
-------+----------+-------------------------------------------
     0 | D:1      | Gadfly the Kobold Hunter began the quest for the Orb.
     0 | D:1      | Reached XP level 1. HP: 12/12 MP: 1/1
   112 | D:1      | Found a faded altar of an unknown god.
   189 | D:1      | Reached XP level 2. HP: 18/18 MP: 2/2
   190 | D:1      | Reached skill level 1 in Evocations
   353 | D:1      | Reached skill level 1 in Invocations
   467 | D:1      | Reached XP level 3. HP: 22/22 MP: 3/3
   744 | D:1      | Got the Incunable of the Entranced Arsonist
  1014 | D:2      | Found a burning altar of Makhleb.
  1201 | D:2      | Reached XP level 4. HP: 27/27 MP: 3/5
  1966 | D:3      | Found a glowing drain.
  1970 | Sewer    | Entered a sewer
  1976 | Sewer    | Reached XP level 5. HP: 32/32 MP: 6/6
  2002 | Sewer    | Noticed a brain worm
  2012 | Sewer    | Killed a brain worm
  2019 | Sewer    | Noticed a crocodile
  2029 | Sewer    | Killed a crocodile
  2030 | Sewer    | Reached skill level 6 in Ranged Weapons
  2030 | Sewer    | Reached XP level 6. HP: 30/37 MP: 6/8
  2064 | Sewer    | Identified the +3 leather armour "Ixzatheomo" {*Slow +Blink
                  | rElec rC+++ Dex+4}
  3103 | D:4      | Found a transporter.
  3258 | D:4      | Found a transporter.
  3303 | D:4      | Noticed an ogre
  3309 | D:4      | Killed an ogre
  3310 | D:4      | Reached XP level 7. HP: 42/42 MP: 9/9
  4137 | D:4      | Noticed a fire bat
  4138 | D:4      | Noticed a fire bat
  4144 | D:4      | Killed a fire bat
  4153 | D:4      | Killed a fire bat
  4154 | D:4      | Reached XP level 8. HP: 42/48 MP: 11/11
  4431 | D:5      | Entered Level 5 of the Dungeon
  4578 | D:5      | Reached skill level 5 in Fighting
  4578 | D:5      | Reached skill level 5 in Invocations
  4585 | D:5      | Reached skill level 7 in Ranged Weapons
  4644 | D:5      | Noticed Sigmund
  4654 | D:5      | Killed Sigmund
  4790 | D:5      | Reached skill level 5 in Dodging
  4871 | D:5      | Found a sparkling altar of Nemelex Xobeh.
  4872 | D:5      | Found a glowing silver altar of Zin.
  4873 | D:5      | Found an opulent altar of Gozag.
  4876 | D:5      | Found a sacrificial altar of Ru.
  4950 | D:5      | Reached skill level 5 in Evocations
  5348 | D:5      | Reached XP level 9. HP: 55/55 MP: 13/13
  6096 | D:6      | Reached skill level 8 in Ranged Weapons
  7016 | D:6      | Found a staircase to the Ecumenical Temple.
  7022 | Temple   | Entered the Ecumenical Temple
  7028 | Temple   | Became a worshipper of Hepliaklqana the Forgotten
  7095 | D:6      | Found a runed translucent gate.
  7107 | D:6      | Found a runed translucent gate.
  7107 | D:6      | Found a runed translucent gate.
  7112 | D:6      | Noticed Livid's ghost (novice FoFi)
  7589 | D:7      | Reached XP level 10. HP: 61/63 MP: 15/15
  7615 | D:7      | Found a white marble altar of Elyvilon.
  7869 | D:7      | Reached skill level 9 in Ranged Weapons
  8097 | D:7      | Reached * piety under Hepliaklqana
 10034 | D:8      | Found a hide-covered altar of Uskayaw.
 10034 | D:8      | Found an ornate altar of the Wu Jian Council.
 10219 | D:9      | Found a staircase to the Lair.
 10232 | D:9      | Noticed a boulder beetle
 10256 | D:9      | Killed a boulder beetle
 10257 | D:9      | Reached skill level 10 in Ranged Weapons
 10282 | D:9      | Reached XP level 11. HP: 34/62 MP: 17/17
 10522 | D:9      | Noticed Erica
 10843 | D:9      | HP: 2/50 [Erica/+2 scimitar of flaming (9)]
 10843 | D:9      | Slain by Erica

Illustrated notes

Levels and vault maps discovered:
D:1:      dpeg_arrival_long_road, layout_loops_corners,
          ebering_ecumenical_altar_petrified, minmay_shallow_snake_nest
D:2:      layout_basic, basic_altar
D:3:      layout_basic, mainiacjoe_sewer_entry_somewhere_in_here_2
D:4:      gammafunk_cloud_chamber, layout_loops_ring
D:5:      minmay_razor_zed, layout_cave_pods, minitemple, uniq_sigmund
D:6:      layout_basic, minmay_temple_entry_fiery, gammafunk_ghost_split,
          minmay_manual_moon
D:7:      layout_gridville, mainiacjoe_overflow_cross_hatched
D:8:      layout_basic, gammafunk_temple_overflow_elements, grunt_ministairs_2
D:9:      layout_roguey, nicolae_overflow_hidden_temple, dpeg_oklobed_lair,
          serial_glass, glass_columns_a, glass_columns_a, uniq_erica
Temple:   eino_narrow_crystal_temple

Skill      XL: |  1  2  3  4  5  6  7  8  9 10 |
---------------+-------------------------------+-----
Evocations     | 1 2 3 4 5 6 8 |  8.3
Invocations    | 1 2 3 4 5 7 8 |  8.4
Fighting       | 3 4 6 7 8 |  8.5
Dodging        | 3 4 5 6 8 |  8.3
Ranged Weapons | 6 7 8 10 | 10.2
Stealth        | |  1.3

Action                     |  1- 3 |  4- 6 |  7- 9 | 10-12 || total
---------------------------+-------+-------+-------+-------++-------
  Melee: Dagger            |       |       |    15 |    27 ||    42
         Shortbow          |       |       |     2 |       ||     2
         Flail             |       |       |       |    13 ||    13
   Fire: Shortbow          |    61 |   140 |   330 |   336 ||   867
 Invoke: Recall Ancestor   |       |       |       |     2 ||     2
         Ancestor Identity |       |       |       |     1 ||     1
Ability: Evoke Invisibilit |       |       |       |     1 ||     1
  Evoke: Wand              |       |       |       |     3 ||     3
    Use: Scroll            |       |     5 |    12 |     4 ||    21
         Potion            |       |     3 |     1 |     2 ||     6
   Stab: Paralysed         |       |       |       |    10 ||    10
         Invisible         |       |       |       |     2 ||     2
 Armour: Leather armour    |     8 |    22 |   147 |    82 ||   259
  Dodge: Dodged            |    10 |    63 |   251 |   332 ||   656
